 Dungeon Crawl Stone Soup version 0.28-a0-620-g539b0f7ac7 (webtiles) character file.

Game seed: 14199386230189488639

28 willcat the Sneak (level 3, -1/29 HPs)
             Began as a Human Delver on Oct 6, 2021.
             Slain by a human zombie (3 damage)
             ... in an ossuary.
             The game lasted 00:00:38 (366 turns).

willcat the Sneak (Human Delver)                     Turns: 366, Time: 00:00:39

Health: -1/29      AC:  3    Str: 12    XL:     3   Next: 27%
Magic:  3/3        EV: 12    Int: 11    God:
Gold:   27         SH:  0    Dex: 14    Spells: 2/2 levels left

rFire   . . .      SeeInvis .   a - +0 short sword
rCold   . . .      Faith    .   (no shield)
rNeg    . . .      Spirit   .   b - +0 leather armour
rPois   .          Reflect  .   (no helmet)
rElec   .          Harm     .   (no cloak)
rCorr   .          Rampage  .   (no gloves)
Will    .....                   (no boots)
Stlth   +++.......              (no amulet)
HPRegen 0.09/turn               (no ring)
MPRegen 0.08/turn               (no ring)

@: no status effects
A: no striking features
a: no special abilities


You were in an ossuary.
You visited 1 branch of the dungeon, and saw 1 of its levels.
You also visited: Ossuary.

You collected 27 gold pieces.

Inventory:

Hand Weapons
 a - a +0 short sword (weapon)
Armour
 b - a +0 leather armour (worn)
Wands
 g - a wand of digging (3)
Scrolls
 c - a scroll of fog
 d - a scroll of magic mapping
 e - a scroll of fear
 f - a scroll of identify {unknown}
 i - a scroll of teleportation {unknown}
 j - 2 scrolls of blinking {unknown}
Potions
 h - a potion of brilliance {unknown}


   Skills:
 - Level 3.0 Fighting
 + Level 2.5 Short Blades
 + Level 2.5 Dodging
 + Level 5.3 Stealth


You had 2 spell levels left.
You didn't know any spells.
Your spell library was empty.

Dungeon Overview and Level Annotations

Branches:
Dungeon (5/15)            Ossuary (1/1)
 Temple: D:4-7

Altars:


Message History

The human zombie misses you.
You hit the human zombie.
The human zombie is heavily damaged.
You hit the human zombie.
The human zombie is severely damaged.
The human zombie hits you.
You hit the human zombie but do no damage.
The human zombie is severely damaged.
The human zombie hits you.
You closely miss the human zombie.
The human zombie is severely damaged.
The human zombie hits you but does no damage.
You hit the human zombie but do no damage.
The human zombie is severely damaged.
You hit the human zombie.
The human zombie is severely damaged.
The human zombie hits you.
You hit the human zombie but do no damage.
The human zombie is severely damaged.
The human zombie hits you.
You hit the human zombie but do no damage.
The human zombie is severely damaged.
The human zombie hits you but does no damage.
You hit the human zombie.
The human zombie is severely damaged.
The human zombie hits you!
* * * LOW HITPOINT WARNING * * *
You hit the human zombie.
The human zombie is almost destroyed.
You hit the human zombie.
The human zombie is almost destroyed.
The human zombie hits you.
* * * LOW HITPOINT WARNING * * *
You hit the human zombie but do no damage.
The human zombie is almost destroyed.
The human zombie closely misses you.
You hit the human zombie.
The human zombie is almost destroyed.
The human zombie hits you.
You die...

#...# #?..# ##.##
###+### #.#
##.....## ##.+
##.......###..#
#.........#...+
+....⌠.^..'...###
#.........#...@Z#
##.......###..###
##.....## ##.'.#
###'### #.### #.#
##.## ##.## #...#
#.∩.# #?..# #.∩.#
##### #####


You could see a human zombie.

Vanquished Creatures
  2 mummies (Ossuary)
  An orc zombie (Ossuary)
3 creatures vanquished.

Notes
Turn   | Place    | Note
-------+----------+-------------------------------------------
     0 | D:5      | willcat the Human Delver began the quest for the Orb.
     0 | D:5      | Reached XP level 1. HP: 18/18 MP: 1/1
    17 | D:5      | Found a sand-covered staircase.
    36 | D:5      | Noticed an iguana
    43 | Ossuary  | Entered an ossuary
    73 | Ossuary  | Reached XP level 2. HP: 5/24 MP: 2/2
   140 | Ossuary  | Reached XP level 3. HP: 11/29 MP: 3/3
   364 | Ossuary  | HP: 1/29 [human zombie (5)]
   366 | Ossuary  | Slain by a human zombie

Illustrated notes

Levels and vault maps discovered:
D:5:      layout_gridville, nicolae_ossuary_entry_ruins
Ossuary:  ossuary_crypta

Action                   || total
-------------------------++-------
Melee: Short sword       ||    46
  Use: Potion            ||     4
 Stab: Sleeping          ||     2
Armor: Leather armour    ||     4
Dodge: Dodged            ||    11

Table legend: (Time is in decaauts)
 A = Elapsed time spent in this place.
 B = Non-inter-level travel time spent in this place.
 C = Inter-level travel time spent in this place.
 D = Time resting spent in this place.
 E = Time spent auto-exploring this place.
 F = Levels seen in this place.
 G = Mean time per level.
                   A        B        C        D        E       F      G
               +--------+--------+--------+--------+--------+-----+--------+
         Total |    346 |    346 |      0 |    203 |     33 |   2 |  173.0 |
       Dungeon |     43 |     43 |      0 |      0 |     21 |   1 |   43.0 |
       Ossuary |    303 |    303 |      0 |    203 |     12 |   1 |  303.0 |
               +--------+--------+--------+--------+--------+-----+--------+

Top non-repeatable levels by time:
 Ossuary: 303 daAuts
     D:5: 43 daAuts
